 Dungeon Crawl Stone Soup version 0.17.2-1-ge4368a0 (webtiles) character file.

144 Goblin1989 the Insei (level 5, -1/61 HPs)
             Began as a Demonspawn Monk on Oct 27, 2016.
             Slain by SuckerForPain's ghost (2 damage)
             ... in an ossuary.
             The game lasted 00:06:14 (2727 turns).

Goblin1989 the Insei (Demonspawn Monk)              Turns: 2727, Time: 00:06:14

Health: -1/61      AC: 22    Str: 13    XL:     5   Next: 5%
Magic:  5/5        EV:  2    Int: 11    God:
Gold:   87         SH:  0    Dex: 15    Spells: 0 memorised, 4 levels left

rFire  . . .     SeeInvis .       - Unarmed
rCold  . . .     Clarity  .     (armour currently unavailable)
rNeg   + + +     SustAt   .     (no shield)
rPois  +         Gourm    .     (helmet currently unavailable)
rElec  .         Spirit   .     (cloak currently unavailable)
rCorr  .         Warding  .     (gloves currently unavailable)
rMut   .         NoTele   +     (boots currently unavailable)
MR     .....                    (no amulet)
Stlth  ++........               (no ring)
                                (no ring)

@: tree-form, very slightly contaminated, not resistant to hostile enchantments,
unstealthy
A: (yellow scales 0), (fire resistance 0)
a: no special abilities


You were in an ossuary.
You were hungry.
You were a tree.
You visited 1 branch of the dungeon, and saw 4 of its levels.
You also visited: Ossuary.

You collected 87 gold pieces.

Inventory:

Armour
 f - a +0 ring mail (melded)
 q - a +0 pair of gloves (melded)
Jewellery
 l - an uncursed ring of flight
Scrolls
 c - 4 scrolls of noise {!r}
 d - 2 scrolls of remove curse {@r2}
 e - 2 scrolls of amnesia {unknown}
 i - a scroll of enchant weapon {unknown}
 j - 2 scrolls of teleportation {unknown}
 M - a scroll of magic mapping
 R - 2 scrolls of identify {@r1}
Potions
 a - 2 potions of curing {@q1}
 g - 2 potions of haste {unknown}
Comestibles
 b - 4 bread rations {@e1}


   Skills:
 - Level 3.0 Fighting
 - Level 2.6 Dodging
 - Level 1.7 Stealth
 + Level 5.8 Unarmed Combat


You had 4 spell levels left.
You didn't know any spells.

Dungeon Overview and Level Annotations

Branches:
Dungeon (4/15)
 Temple: D:4-7

Altars:
Ashenzari
Cheibriados
Vehumet

Annotations:
Ossuary SuckerForPain's ghost, novice DsFi


Innate Abilities, Weirdness & Mutations

((You are partially covered in yellow scales (AC +2).))
((Your flesh is heat resistant.))


Message History

You hit SuckerForPain's ghost but do no damage.
SuckerForPain's ghost is almost destroyed.
The big kobold zombie hits you.
* * * LOW HITPOINT WARNING * * *
SuckerForPain's ghost hits you.
* * * LOW HITPOINT WARNING * * *
You take 3 damage, and have 1/61 hp.
You hit SuckerForPain's ghost but do no damage.
SuckerForPain's ghost is almost destroyed.
Unknown command.
You hit SuckerForPain's ghost but do no damage.
You punch SuckerForPain's ghost, but do no damage.
SuckerForPain's ghost is almost destroyed.
SuckerForPain's ghost hits you but does no damage.
The big kobold zombie hits you but does no damage.
Unknown command.
You hit SuckerForPain's ghost.
SuckerForPain's ghost is almost destroyed.
SuckerForPain's ghost hits you.
You die... ^.. .^. ██∆██ █...█ █...█ █.Z.█ █.Z.█ ██Z██

█♣W.█ █...█
█^..█ █...█
█∆███ █...█
███ █████^..█
█!!??█...█...█
▲?[$!█.∩.∆...█


You could see SuckerForPain's ghost, a water moccasin zombie, a hobgoblin zombie
and a big kobold zombie.

Vanquished Creatures
  A centaur skeleton (D:4)
  The ghost of ololoev the Skirmisher, a weakling DsFi (D:3)
  2 adders
  An ooze (D:2)
  An adder zombie (Ossuary)
  3 worms
  12 bats
  2 giant cockroaches
  7 hobgoblins
  7 kobolds
  A ball python (D:3)
  3 giant geckos (D:1)
  2 giant newts
  4 goblins
  A hobgoblin zombie (Ossuary)
  4 jackals
  A kobold zombie (Ossuary)
  2 quokkas (D:3)
  5 rats
60 creatures vanquished.

Notes
Turn   | Place    | Note
--------------------------------------------------------------
     0 | D:1      | Goblin1989 the Demonspawn Monk began the quest for the Orb.
     0 | D:1      | Reached XP level 1. HP: 18/18 MP: 1/1
   172 | D:1      | Reached skill level 4 in Unarmed Combat
   181 | D:1      | Gained mutation: You are partially covered in yellow scales (AC +2). [demonic ancestry]
   181 | D:1      | Reached XP level 2. HP: 21/24 MP: 2/2
   772 | D:2      | Reached XP level 3. HP: 29/29 MP: 3/3
  1465 | D:2      | Reached skill level 5 in Unarmed Combat
  1970 | D:3      | Found a radiant altar of Vehumet.
  1993 | D:3      | Found a snail-covered altar of Cheibriados.
  1994 | D:3      | Noticed ololoev's ghost (weakling DsFi)
  2011 | D:3      | Reached XP level 4. HP: 25/35 MP: 4/4
  2016 | D:3      | Killed ololoev's ghost
  2370 | D:3      | Found a shattered altar of Ashenzari.
  2505 | D:4      | Gained mutation: Your flesh is heat resistant. [demonic ancestry]
  2505 | D:4      | Reached XP level 5. HP: 25/41 MP: 5/5
  2511 | D:4      | Found a sand-covered staircase.
  2517 | Ossuary  | Entered an ossuary
  2682 | Ossuary  | Noticed SuckerForPain's ghost (novice DsFi)
  2724 | Ossuary  | HP: 2/61 [big kobold zombie (2)]
  2727 | Ossuary  | Slain by SuckerForPain's ghost

Action                   |  1- 3 |  4- 6 || total
-------------------------+-------+-------++-------
Melee: Unarmed           |   204 |    73 ||   277
  Use: Potion            |     1 |     4 ||     5
       Scroll            |       |     6 ||     6
 Stab: Sleeping          |     1 |       ||     1
       Invisible         |       |     9 ||     9
  Eat: Chunk             |     4 |       ||     4
       Beef jerky        |       |     1 ||     1

Vault maps used:
D:1:      saegor_arrival_simple_a, nrook_mini_vaults, roderic_lattice_a
D:2:      first_bread
D:3:      overflow_temple_1_default, overflow_temple_1_default,
          cheibriados_altar_1
D:4:      nicolae_overflow_crystal_walls, serial_shops,
          nicolae_shop_behind_doors, enter_ossuary_5, uniq_natasha
Ossuary:  ossuary_tomb_2
